Cogmind - Beta 13 @@@ ROGUE MODE // 2024.07.30 @ 21:08:42 Player: DAFFA Result: Self-destructed Performance ------------- Evolutions (3) 1500 Regions Visited (5) 1000 Robots Destroyed (68) 340 Value Destroyed (1595) 1595 Prototype IDs (4) 80 Alien Tech Used (0) 0 Bonus (50) 50 TOTAL SCORE: 4565 Bonus ------- Follower Combat Kills 120 Friendly Fire -70 Cogmind --------- Core Integrity 476/700 Matter 300/300 Energy 100/100 System Corruption 4% Temperature Cool (0) Movement Core (250) Ox4 Location -7/Factory Parts ------- > --- POWER (1) -------- (None) > --- PROPULSION (2) --- (None) > --- UTILITY (7) ------ Medium Storage Unit Advanced Visual Processing Unit Improved Signal Interpreter Transport Network Coupler Targeting Computer Hacking Suite Hacking Suite > --- WEAPON (3) ------- Great Maul > --- INVENTORY (10) --- Improved Ion Engine Particle Charger Hacking Suite EMP Blaster Proton Missile Launcher Peak State ------------ > --- POWER ------------ Micro Nuclear Core > --- PROPULSION ------- Improved Carbon-fiber Leg Improved Carbon-fiber Leg > --- UTILITY ---------- Medium Storage Unit Advanced Visual Processing Unit Improved Sensor Array Improved Signal Interpreter Transport Network Coupler Targeting Computer Hacking Suite > --- WEAPON ----------- Lightning Gun Proton Missile Launcher Great Maul > --- INVENTORY -------- Improved Ion Engine Particle Charger Hacking Suite Hacking Suite EMP Blaster Improved Datajack Mining Laser [Rating: 39] Favorites ----------- Power Improved Ion Engine Engine Improved Ion Engine Power Core Micro Nuclear Core Propulsion Aluminum Leg Leg Aluminum Leg Wheel Compact Wheel Utility Medium Storage Unit Device Improved Sensor Array Storage Medium Storage Unit Processor Transport Network Coupler Hackware Hacking Suite Protection Medium Armor Plating Weapon Heavy EM Pulse Gun Energy Gun Heavy EM Pulse Gun Ballistic Gun Improved Assault Rifle Launcher EMP Blaster Special Weapon Mining Laser Impact Weapon Great Maul Special Melee Weapon Improved Datajack Build | -11 -10 -9 -9 -8 -7 ------- Run | Yrd Mat Mat Min Mat Fac Slots Evolved 6 | . . 2 . 2 2 Power . | . . . . . . Propulsion . | . . . . . . Utility 5 | . . 2 . 1 2 Weapon 1 | . . . . 1 . Parts Attached 67 | 5 9 25 . 14 14 Power 10 | 1 1 4 . 1 3 Engine 7 | 1 . 4 . 1 1 Core 3 | . 1 . . . 2 Reactor . | . . . . . . Propulsion 14 | 2 4 5 . 2 1 Treads . | . . . . . . Leg 13 | 2 4 5 . 2 . Wheel 1 | . . . . . 1 Hover . | . . . . . . Flight . | . . . . . . Utility 13 | . 2 5 . 3 3 Device 4 | . 1 1 . 2 . Storage 1 | . 1 . . . . Processor 5 | . . 3 . 1 1 Hackware 2 | . . . . . 2 Protection 1 | . . 1 . . . Artifact . | . . . . . . Weapon 30 | 2 2 11 . 8 7 Energy Gun 13 | 2 1 6 . 2 2 Energy Cannon . | . . . . . . Ballistic Gun 4 | . . 3 . 1 . Ballistic Cannon . | . . . . . . Launcher 6 | . . 1 . 3 2 Special Weapon 2 | . . . . 1 1 Impact Weapon 3 | . 1 1 . . 1 Slashing Weapon . | . . . . . . Piercing Weapon . | . . . . . . Special Melee Weapon 2 | . . . . 1 1 Unidentified Prototypes 4 | . . 4 . . . Parts Lost 16 | . 1 4 . 1 10 Power 2 | . . 1 . 1 . Propulsion 3 | . . . . . 3 Utility 3 | . . 2 . . 1 Weapon 8 | . 1 1 . . 6 Highest Loss Streak 4 | . 1 2 . 1 4 To Critical Strikes . | . . . . . . Average Slot Usage (%) 93 | . 80 91 100 99 86 Engine 6 | . 1 7 11 8 . Core 2 | . 12 2 . . 6 Leg 18 | . 28 22 22 18 5 Device 6 | . 12 5 . 9 5 Storage 8 | . . 11 11 9 7 Processor 23 | . . 17 33 27 30 Hackware 1 | . . . . . 7 Energy Gun 9 | . 14 9 11 8 8 Ballistic Gun 7 | . . 9 11 10 1 Launcher 3 | . . 1 . 6 . Impact Weapon 2 | . 10 . . . 5 Naked Turns . | . . . . . . Heaviest Build 32 | 7 20 28 24 29 32 Greatest Support 36 | 20 20 26 26 36 36 Greatest Overweight (x) 8 | . . 1 . 1 8 Average Overweight (x) . | . . . . . 1 Largest Inventory Capacity 10 | 5 10 10 10 10 10 Average Capacity 9 | 5 5 10 10 10 10 Most Carried 10 | 2 4 10 10 10 9 Average Carried 7 | . 1 7 9 9 7 Final Capacity 10 | 5 10 10 10 10 10 Final Carried 10 | . 2 10 10 10 5 Class Distribution -------------------- 34% | Mutant 32% | Scavenger-Skirmisher 12% | Scavenger-Mutant 10% | Scavenger-Assassin 6% | Skirmisher Dominant Class ---------------- Scavenger-Mutant | -10/Materials Mutant | -9/Materials Mutant | -9/Mines Scavenger-Skirmisher | -8/Materials Scavenger-Assassin | -7/Factory Resources | -11 -10 -9 -9 -8 -7 ----------- Run | Yrd Mat Mat Min Mat Fac Matter Collected 1403 | 223 102 571 15 359 133 Remotely . | . . . . . . Salvage Created 2553 | . 320 1163 . 585 485 Parts 148 | . 16 79 . 35 18 Haulers Intercepted 8 | . 1 4 . 3 . Recyclers Shooed 2 | . . 1 . . 1 Parts Field Recycled . | . . . . . . Retrieved Matter . | . . . . . . Parts Self-Destructed . | . . . . . . Prevented . | . . . . . . Kills | -11 -10 -9 -9 -8 -7 ------- Run | Yrd Mat Mat Min Mat Fac Combat Hostiles Destroyed 36 | . 8 20 . 3 5 Melee 1 | . . . . . 1 Guns 28 | . 7 16 . 3 2 AOE 4 | . . 4 . . . Classes Destroyed 14 | . 3 7 . 1 3 Worker 6 | . . 4 . 1 1 Builder 1 | . . 1 . . . Tunneler 2 | . . 1 . 1 . Hauler 8 | . 1 4 . 3 . Recycler 2 | . . . . . 2 Mechanic 1 | . . . . 1 . Operator 4 | . . 1 . 2 1 Watcher 8 | . . 3 . 5 . Swarmer 9 | . 3 6 . . . Grunt 15 | . 5 8 . 1 1 Brawler 1 | . . 1 . . . Sentry 8 | . . 5 . 2 1 Hunter 1 | . . . . . 1 Programmer 2 | . . . . . 2 Best Kill Streak 4 | . 3 4 . 2 2 Combat Bots Only 4 | . 3 4 . 1 1 Max Kills in Single Turn 2 | . 1 2 . 2 1 Gunslinging 1 | . . 1 . . . Exploded 2 | . . 2 . . . Melee 1 | . . . . . 1 Uniques/NPCs Destroyed . | . . . . . . Combat | -11 -10 -9 -9 -8 -7 -------- Run | Yrd Mat Mat Min Mat Fac Hostile Shots Fired 292 | . 67 77 2 35 111 Missed 84 | . 19 16 1 12 36 Damage Taken 2807 | . 583 794 7 413 1010 Core 590 | . 135 140 . 91 224 Absorbed by Shields . | . . . . . . Regen/Repaired (Parts) 133 | . 69 . . 64 . Core Remaining (%) 73 | 100 46 . 65 83 . Volleys Fired 251 | . 53 91 1 61 45 Largest 3 | . 2 2 2 3 3 Hottest 123 | . 90 68 68 123 123 Shots Fired 414 | . 61 169 2 125 57 Gun 394 | . 61 166 2 111 54 Cannon . | . . . . . . Launcher 10 | . . 3 . 6 1 Special 10 | . . . . 8 2 Kinetic 161 | . . 91 1 65 4 Thermal 63 | . 53 . . 8 2 Explosive . | . . . . . . Electromagnetic 190 | . 8 78 1 52 51 Robot Hit Streak 12 | . 6 12 . 12 8 Robot Miss Streak 7 | . 3 6 4 7 2 Penetration Max . | . . . . . . Secondary Targets 3 | . 1 2 . . . Max Gunslinging Chain 1 | . 1 1 . . . Shots Hit Robots 269 | . 39 109 . 74 47 Core Hits 102 | . 15 49 . 22 16 Critical Kills . | . . . . . . Critical Parts Destroyed 3 | . . . . . 3 Critical Strikes 9 | . 4 1 . . 4 Burn 4 | . 4 . . . . Corrupt 2 | . . 1 . . 1 Smash 3 | . . . . . 3 Melee Attacks 17 | . 2 . . 4 11 Impact 13 | . 2 . . . 11 Slashing . | . . . . . . Piercing . | . . . . . . Sneak Attacks 4 | . . . . 4 . Combat Hostiles . | . . . . . . Follow-up Attacks . | . . . . . . Damage Inflicted 4801 | . 499 1956 . 1404 942 Guns 3769 | . 483 1619 . 1160 507 Cannons . | . . . . . . Explosions 602 | . . 337 . 244 21 Melee 430 | . 16 . . . 414 Ramming . | . . . . . . Kinetic 1626 | . . 875 . 704 47 Thermal 697 | . 407 215 . 75 . Explosive . | . . . . . . Electromagnetic 2048 | . 76 866 . 625 481 Impact 430 | . 16 . . . 414 Slashing . | . . . . . . Piercing . | . . . . . . Highest Corruption 4 | . . . . . 4 Average Corruption 1 | . . . . . 1 Corruption Purged . | . . . . . . Corruption Blocked . | . . . . . . Effects 9 | . . . . . 9 Message Errors 2 | . . . . . 2 Matter Fused 1 | . . . . . 1 Heat Flow Errors 1 | . . . . . 1 Energy Discharges 2 | . . . . . 2 Parts Rejected 1 | . . . . . 1 Data Loss (minor) 1 | . . . . . 1 Misfires 1 | . . . . . 1 Overload Shots . | . . . . . . Overflow Damage 225 | . . . . 19 206 Projectiles . | . . . . . . Explosions 19 | . . . . 19 . Melee 206 | . . . . . 206 Knockbacks 2 | . . . . . 2 Impact 2 | . . . . . 2 Kinetic . | . . . . . . Secondary . | . . . . . . Self-Inflicted Damage 129 | . . 26 . 80 23 Shots 6 | . . 1 . 4 1 Rammed . | . . . . . . Targets Rammed . | . . . . . . Kicked . | . . . . . . Crushed . | . . . . . . Highest Temperature 339 | . 339 138 . 63 171 Average Temperature 53 | . 127 34 . 18 42 Received Heat Transfer 780 | . 258 321 . 108 93 Effects 3 | . 3 . . . . Shutdowns 1 | . 1 . . . . Interference 2 | . 2 . . . . Siege Activations . | . . . . . . Robots Corrupted 2 | . . . . . 2 Combat Hostiles 2 | . . . . . 2 Parts Fried 9 | . . 2 . 1 6 Impact Corruptions 9 | . . . . . 9 Robots Melted 1 | . 1 . . . . Combat Hostiles 1 | . 1 . . . . Parts Melted 2 | . 2 . . . . Heat Transferred 1767 | . 1517 150 . 100 . Parts Sabotaged . | . . . . . . Parts Stolen . | . . . . . . Parts Stripped . | . . . . . . Power Chain Reactions 5 | . . 4 . 1 . Alert | -11 -10 -9 -9 -8 -7 ------- Run | Yrd Mat Mat Min Mat Fac Peak Influence 262 | . 125 262 179 102 149 Initial 83 | . . 51 83 . 25 Average 57 | . 68 129 47 28 24 Maximum Alert Level 1 | . . 1 . . . Low Security (%) 94 | 100 100 76 100 100 100 Level 1 5 | . . 23 . . . Level 2 . | . . . . . . Level 3 . | . . . . . . Level 4 . | . . . . . . Level 5 . | . . . . . . High Security . | . . . . . . Max Security . | . . . . . . Squads Dispatched 10 | . 2 3 . 1 4 Investigation 3 | . 1 1 . . 1 Extermination 2 | . . . . . 2 Reinforcement 5 | . 1 2 . 1 1 Assault . | . . . . . . Garrison . | . . . . . . Intercept . | . . . . . . Searches Triggered . | . . . . . . Construction Impeded . | . . . . . . Haulers Reinforced . | . . . . . . Active Scanning Responses . | . . . . . . Cargo Convoy Interrupts . | . . . . . . Stealth | -11 -10 -9 -9 -8 -7 --------- Run | Yrd Mat Mat Min Mat Fac Distress Signals 7 | . . 4 . 3 . Communications Jammed . | . . . . . . Distress Signals . | . . . . . . Times Spotted 79 | . 12 35 3 17 12 Peak Tracking Total 7 | . 3 7 3 3 4 Tactical Retreats 1 | . . . . 1 . Traps | -11 -10 -9 -9 -8 -7 ------- Run | Yrd Mat Mat Min Mat Fac Traps Triggered 1 | . 1 . . . . Indirectly . | . . . . . . Trap Hack Attempts . | . . . . . . Triggered . | . . . . . . Disarmed . | . . . . . . Reprogrammed . | . . . . . . Reused . | . . . . . . Traps Extracted . | . . . . . . Installed . | . . . . . . Triggered . | . . . . . . Most Traps Carried 1 | . . . 1 1 . Machines | -11 -10 -9 -9 -8 -7 ---------- Run | Yrd Mat Mat Min Mat Fac Machines Disabled 6 | . . . 1 1 4 Max in Single Turn 2 | . . . 1 1 2 Machines Repaired . | . . . . . . Machines Dismantled . | . . . . . . Machines Sabotaged . | . . . . . . Overloaded Fab Kills . | . . . . . . Hacking | -11 -10 -9 -9 -8 -7 --------- Run | Yrd Mat Mat Min Mat Fac Machines Accessed 15 | . 1 3 . 8 3 Terminals 10 | . . 3 . 5 2 Fabricators 1 | . . . . . 1 Repair Stations 2 | . 1 . . 1 . Recycling Units . | . . . . . . Scanalyzers 2 | . . . . 2 . Garrison Access . | . . . . . . Total Hacks 36 | . 2 7 . 22 5 Successful 21 | . 2 4 . 13 2 Failed 15 | . . 3 . 9 3 Catastrophic 3 | . . 1 . 1 1 Database Lockouts . | . . . . . . Manual 13 | . . 4 . 8 1 Terminals 18 | . . 7 . 9 2 Fabricators 3 | . . . . . 3 Repair Stations 6 | . 2 . . 4 . Recycling Units . | . . . . . . Scanalyzers 9 | . . . . 9 . Garrison Access . | . . . . . . Terminal Hacks 7 | . . 4 . 2 1 Robot Analysis 1 | . . 1 . . . Open DSF 1 | . . . . . 1 Emergency Access Points 1 | . . 1 . . . Alert Level 1 | . . 1 . . . Unreport Threat 1 | . . . . 1 . Maintenance Status 1 | . . . . 1 . Patrol Status 1 | . . 1 . . . Fabricator Hacks 1 | . . . . . 1 Build 1 | . . . . . 1 Repair Station Hacks 6 | . 2 . . 4 . Scan Component 3 | . 1 . . 2 . Repair 3 | . 1 . . 2 . Recycling Unit Hacks . | . . . . . . Scanalyzer 7 | . . . . 7 . Insert Component 4 | . . . . 4 . Analyze 3 | . . . . 3 . Garrison Access Hacks . | . . . . . . Unauthorized Hacks . | . . . . . . Terminals . | . . . . . . Fabricators . | . . . . . . Repair Stations . | . . . . . . Recycling Units . | . . . . . . Scanalyzers . | . . . . . . Garrison Access . | . . . . . . Data Cores Recovered 1 | . . . . 1 . Used . | . . . . . . Hacking Detections 6 | . . 1 . 4 1 Full Trace Events 1 | . . . . . 1 Feedback Events . | . . . . . . Feedback Blocked . | . . . . . . Robot Schematics Acquired . | . . . . . . Robots Built 1 | . . . . . 1 Authchips . | . . . . . . Time 27 | . . . . . 27 Total Robot Build Rating 1 | . . . . . 1 Part Schematics Acquired 3 | . . . . 3 . Parts Built . | . . . . . . Authchips . | . . . . . . Time . | . . . . . . Total Part Build Rating . | . . . . . . Parts Repaired 3 | . 1 . . 2 . Time 90 | . 26 . . 64 . Parts Recycled . | . . . . . . Recycled Matter . | . . . . . . Retrieved Matter . | . . . . . . Retrieved Components . | . . . . . . Parts Scanalyzed 3 | . . . . 3 . Part Schematics Acquired 3 | . . . . 3 . Parts Damaged . | . . . . . . Bothacking | -11 -10 -9 -9 -8 -7 ------------ Run | Yrd Mat Mat Min Mat Fac Used RIF Installer . | . . . . . . Robots Hacked 1 | . . . . 1 . Non-combat 1 | . . . . 1 . Combat . | . . . . . . Robot Hacks Applied 1 | . . . . 1 . no_distress 1 | . . . . 1 . Relay Couplers Released . | . . . . . . Fabnet Peak Effective % . | . . . . . . Robots Rewired . | . . . . . . Allies Hacked . | . . . . . . Hacks Repelled . | . . . . . . Allies | -11 -10 -9 -9 -8 -7 -------- Run | Yrd Mat Mat Min Mat Fac Total Allies 4 | . . . 3 . 1 Largest Group 3 | . . . 3 3 1 Highest-Rated Group 40 | . . . 40 40 10 Highest-Rated Ally 16 | . . . 16 16 10 Total Orders 3 | . . . . 3 . STAY 1 | . . . . 1 . FOLLOW 1 | . . . . 1 . AID 1 | . . . . 1 . Ally Attacks 42 | . . . 5 37 . Total Damage 499 | . . . 37 462 . Kills 7 | . . . 3 4 . Allies Corrupted . | . . . . . . Allies Melted . | . . . . . . Intel | -11 -10 -9 -9 -8 -7 ------- Run | Yrd Mat Mat Min Mat Fac Robot Analysis Total 1 | . . 1 . . . Derelict Logs Recovered 3 | . . . 3 . . Drone Launches . | . . . . . . Drone Recoveries . | . . . . . . Exploration | -11 -10 -9 -9 -8 -7 ------------- Run | Yrd Mat Mat Min Mat Fac Turns Passed 7279 | 68 765 1730 727 2654 1335 Spaces Moved 3758 | 53 456 770 560 1416 503 Core 71 | 7 . . . . 64 Treads . | . . . . . . Legs 3594 | 46 456 770 560 1416 346 Wheels 93 | . . . . . 93 Hover . | . . . . . . Flight . | . . . . . . Fastest Speed 50 | 50 120 120 120 120 115 Average Speed 144 | 110 120 174 120 139 164 Slowest Speed 450 | 120 120 190 120 190 450 Overloaded Moves . | . . . . . . Propulsion Burnouts . | . . . . . . Robots Hopped . | . . . . . . Cave-ins Triggered . | . . . . . . Exploration Rate (%) 45 | 3 66 45 98 51 10 Regions Visited 5 Branch Regions 1 Pre-discovered Areas 1 | . . . 1 . . Known Exits Taken 3 | . . 1 1 1 . Unknown Exits Taken 2 | 1 1 . . . . Scrap Searched 3 | . . . 3 . . Spaces Dug 7 | . . . . 7 . Terrain Destroyed 41 | . . 26 . 15 . Melee . | . . . . . . Projectile 7 | . . . . 7 . AOE 34 | . . 26 . 8 . Terrain Rammed . | . . . . . . Walls Destroyed . | . . . . . . Machines Disabled . | . . . . . . Actions | -11 -10 -9 -9 -8 -7 --------- Run | Yrd Mat Mat Min Mat Fac Total 5178 | 62 608 1000 613 1964 931 Wait 995 | . 77 70 51 446 351 Move 3753 | 52 455 769 559 1415 503 Hop . | . . . . . . Pick Up 61 | 5 9 28 1 13 5 Fast Attach 2 | . . . . 2 . Attach 33 | 5 4 11 . 4 9 Detach . | . . . . . . Swap 32 | . 5 14 . 8 5 Drop 34 | . 3 17 1 11 2 Fire 251 | . 53 91 1 61 45 Melee 17 | . 2 . . 4 11 Ram . | . . . . . . Kick . | . . . . . . Crush . | . . . . . . Escape Stasis . | . . . . . . Rewire . | . . . . . . Trap . | . . . . . . Miscellaneous . | . . . . . . Route ------- -11/Scrapyard -10/Materials (discovered 3 exits: *Mat x2 / [*Min]) -9/Materials (discovered 2 exits: *Mat / *Min) -9/Mines (discovered 2 exits: *Mat x2) -8/Materials -7/Factory History --------- Turn | Location | Event 19 | -11/Scrapyard | Discovered new exit (range 16) 69 | -11/Scrapyard | Entered Materials 310 | -10/Materials | Build established: Mutant 379 | -10/Materials | Discovered new exit (range 16) 400 | -10/Materials | Discovered new exit (range 16) 535 | -10/Materials | Discovered new exit (range 5) 594 | -10/Materials | Repaired Med. Laser 609 | -10/Materials | Core integrity fell below 50% 645 | -10/Materials | Build established: Scavenger-Mutant 834 | -10/Materials | Entered another Materials area 834 | -9/Materials | Evolved 2 slots: Utility x2 1466 | -9/Materials | Build established: Mutant 1793 | -9/Materials | Discovered new exit (range 15) 2136 | -9/Materials | Discovered new exit (range 16) 2386 | -9/Materials | Identified exit to Mines 2564 | -9/Materials | Entered Mines 2567 | -9/Mines | Met a Derelict bent on vengeance 2638 | -9/Mines | Learned location of Zion (-6) 2674 | -9/Mines | Found a hidden stash of uninstalled traps 2724 | -9/Mines | Learned Materials terminal intel 2735 | -9/Mines | Assisted by bots powering up and referring to "LRC-V3" 2771 | -9/Mines | Discovered new exit (range 8) 2772 | -9/Mines | Identified exit to Materials 3291 | -9/Mines | Entered Materials 3291 | -8/Materials | Accompanied by 3 allies 3291 | -8/Materials | Evolved 2 slots: Utility x1, Weapon x1 3292 | -8/Materials | Loaded intel: 11 terminal locations 3582 | -8/Materials | Build established: Skirmisher 4150 | -8/Materials | Build established: Scavenger-Skirmisher 5007 | -8/Materials | Repaired EMP Blaster 5046 | -8/Materials | Repaired Hvy. EM Pulse Gun 5698 | -8/Materials | Discovered new exit (range 5) 5944 | -8/Materials | Identified exit to Factory 5945 | -8/Materials | Entered Factory 5945 | -7/Factory | Evolved 2 slots: Utility x2 6541 | -7/Factory | Build established: Scavenger-Assassin 7096 | -7/Factory | Lost 4 parts (1n1u2w) 7233 | -7/Factory | Fabricated T-07 Excavator (x1) 7280 | -7/Factory | Self-destructed Last Messages --------------- 07188_ K-01 Serf cleans the Construction Platform. 07192_ System corrupted: Heat flow error (+198). 07206_ Connecting with Fabricator... >>Build Building T-07 Excavator... ETC: 27 07206_ ALERT: Suspicious activity at Fabricator F002. Dispatching Investigation squad. 07216_ K-01 Serf collects debris. 07219_ K-01 Serf cleans the Fusion Modulator. 07223_ K-01 Serf collects debris. 07228_ K-01 Serf cleans the Fusion Modulator. 07233_ Fabricator completes T-07 Excavator. [Achievement: My Command Is Your Wish] 07233_ System corrupted: Matter fused (-6). 07248_ System corrupted: Mic. Nuclear Core rejected. 07250_ Mining Laser destroyed. 07275_ Acquired 21 matter. Map ----- +----------------------------------------------------+ | ?????????????????????????????????????????????????? | | ?????????????????????????????????????????????????? | | ?????????????????????????????????????????????????? | | ?????????????????????????????????????????????????? | | ?????????????????????????????????????????????????? | | ??????????????????????????????????##?????????????? | | ???????????????????????????????#""""? ???######### | | ???????????????????????????????#"""F""???# | | ?????????????????????????#######""" ""#### """ """ | | ??????????? ?????????? # """ """ | | ?????????? ?????????? ^ # """ """ | | ?????????# """"?????? ^ + "" "" | | ?????????# """"???????????""" """ """ # "" "" | | ?????????# ??????????""" """ """ # | | ?????????# ???????????""" """ """ # """ """ | | ?????????# ????????????? # """ """ | | ?????????# ??????????????? # """ """ | | ?????????# ! ??????############## # "" "" | | ?????????# ?????# # # "" "" | | ?????????# ??????# """ + + | | ?????????# #??????# """"" # # ] | | ??######## #??????# """"" # # | | ??# | #??????# # ######### | | ??# ######## % # #? | | ??# # # """"""" # #? | | ??+ """ """ # # @ """"""" # ## | | ??# a""" """ # # % """""" # T# | | ??# """ """ # g/ """"" # # | | ??# * # ! # ######## ## | | ??# "" """ /% g g # #??????# ## | | ### ""F""" # ##############??????# | | """"" + """" #???????????????????# | | # """" #???????????????????# | | # """" #???????????????????# | | ####+### """" #???????????????????# | | ??? ?# """" #???????????????????######## | | ???"" ?# """" #????????????????????# = | | ?? "" # #????????????????????# | | ??? """ ########????????????????????? | | ### ?? """ #???????????????????????????? """ " | | ??# ?? """ #???????????????????????????# """ " | | ??# ?# #???????????????????????????# """ " | | ???? ??# "" !#???????????????????????????# | | ????????# ?? #???????????????????????????# """ " | | ????????# ???? #???????????????????????????# """ " | | ????????#????? #???????????????????????????# """ " | | ???????????????????????????????????????????# | | ???????????????????????????????????????????# ! | | ???????????????????????????????????????????####### | | ?????????????????????????????????????????????????? | +----------------------------------------------------+ Best States ------------- Heat Dissipation 42 Energy Generation 15 Energy Capacity 280 Matter Stores 300 Matter Capacity 300 Sight Range 20 Robot Scan Range 15 Terrain Scan Range 16 Terrain Scan Density 10 Armor Coverage 225 Evasion (%) 55 Targeting Accuracy 5 Offensive Hacking 20 Item Schematics ----------------- Hvy. EM Pulse Gun | -8/Materials | Scanalyzed Hacking Suite | -8/Materials | Scanalyzed Proton Missile Launcher | -8/Materials | Scanalyzed Robot Schematics ------------------ None Fabricated ------------ T-07 Excavator | x1 | -7/Factory | Preloaded Alien Tech Used ----------------- None Achievements -------------- My Command Is Your Wish Challenges ------------ None Game ------ Seed RegenerativeScrapDoomcannon Manual? 0 Play Time 01:24:22 Cumulative 9.8 hours Start 2024.07.30 @ 15:54:18 End 2024.07.30 @ 21:08:42 Sessions 3 Manual Loads 0 Difficulty Rogue Special Mode None Game No. 16 Rogue 12 Adventurer 4 Explorer 0 Win Type - Total 0 Types 0/0/0/0/0/0/0/0/0 Lore% 3 Gallery% 15 Achievement% 12 Wizard Run 0 Options --------- Layout 1 ASCII 0 Keyboard 0 Movement Mouse Keybinds 0 Fullscreen 2 Font 24/Smallcaps Map View 50x35 Zoom Use 0% Tactical HUD 1 Map Filters NONE Filters NONE Steam 1 RUN: 95bd7306-db91-444f-82b9-c09243906294